 Dungeon Crawl Stone Soup version 0.31-a0-431-g88bdf31460 (webtiles) character file.

Game seed: 4280080194468995676

108 avis the Chopper (level 4, 0/39 HPs)
             Began as a Hill Orc Monk on Aug 1, 2023.
             Slain by a river rat (8 damage)
             ... in a sewer.
             The game lasted 00:09:09 (2182 turns).

avis the Chopper (Hill Orc Monk)                    Turns: 2182, Time: 00:09:10

Health: 0/39       AC:  8    Str: 15    XL:     4   Next: 87%
Magic:  4/4        EV:  7    Int: 10    God:
Gold:   229        SH:  0    Dex: 13    Spells: 3/3 levels left

rFire   . . .        a - +0 hand axe
rCold   . . .        d - orb {light}
rNeg    . . .        t - +0 chain mail
rPois   .            (no helmet)
rElec   .            (no cloak)
rCorr   .            (no gloves)
SInv    .            (no boots)
Will    .....        (no amulet) Stlth
                     (no ring)
HPRegen 0.26/turn    (no ring)
MPRegen 0.09/turn

%: no passive effects
@: confused, ambrosia-drunk, glowing
A: no striking features
a: no special abilities


You were in a sewer.
You visited 1 branch of the dungeon, and saw 3 of its levels.
You also visited: Sewer.

You collected 229 gold pieces.

Inventory:

Hand Weapons
 a - a +0 hand axe (weapon)
 b - a +0 sling
 p - a +0 spear
 s - a +0 dagger of venom
 v - a +0 dagger of protection
Missiles
 h - 5 datura-tipped darts
Armour
 d - an orb of light (worn)
 t - a +0 chain mail (worn)
Magical Staves
 n - a staff of fire
Jewellery
 r - a ring of protection from cold
 x - a +4 ring of protection
Scrolls
 e - 4 scrolls of identify {unknown}
 f - a scroll of summoning {unknown}
 g - a scroll of blinking {unknown}
 i - a scroll of amnesia {unknown}
 m - a scroll of enchant weapon {unknown}
 o - 2 scrolls of poison {unknown}
 w - a scroll of fear {unknown}
Potions
 j - 2 potions of degeneration {unknown}
 k - 4 potions of mutation {unknown}
 l - a potion of might {unknown}
 q - a potion of brilliance {unknown}
 u - 2 potions of cancellation {unknown}


   Skills:
 - Level 3.6 Fighting
 * Level 7.2 Axes
 - Level 2.4 Dodging


You had 3 spell levels left.
You didn't know any spells.
Your spell library was empty.

Dungeon Overview and Level Annotations

Branches:
Dungeon (3/15)              Sewer (1/1)

Altars:


Message History

You hit the river rat but do no damage. The river rat bites you.
You hit the river rat but do no damage. You hit the rat.
You kill the rat!
The river rat barely misses you.
You barely miss the river rat.
The river rat bites you but does no damage.
You hit the river rat but do no damage. You hit the river rat.
The river rat bites you.
The rat twitches its whiskers.
The river rat barely misses you.
You hit the river rat but do no damage. x2; The river rat barely misses you. x2
You hit the river rat.
The river rat is lightly wounded.
You hit the river rat but do no damage. The river rat bites you.
The river rat barely misses you.
You hit the river rat.
The river rat is heavily wounded.
You hit the river rat but do no damage.
The river rat bites you but does no damage.
The river rat barely misses you.
You hit the river rat but do no damage.
The river rat is heavily wounded.
You hit the river rat but do no damage. The river rat bites you.
The river rat bites you!
You hit the river rat but do no damage.
The river rat is heavily wounded.
You barely miss the river rat. The river rat barely misses you.
The river rat bites you!
You completely miss the river rat.
The river rat is heavily wounded.
You hit the river rat. The river rat barely misses you.
The river rat bites you but does no damage.
You hit the river rat.
The river rat is heavily wounded.
You hit the river rat. The river rat bites you!
* * * LOW HITPOINT WARNING * * *
The river rat bites you but does no damage.
You are confused.
You feel invigorated. The river rat bites you!
You die... ################ ~~..rrr@rr...... ################

You could see 4 river rats and a rat.

Vanquished Creatures
  Jessica (D:3)
  2 adders (D:3)
  2 worms
  A dart slug (D:3)
  An orc (D:3)
  6 ball pythons
  7 bats
  2 endoplasms (D:1)
  4 giant cockroaches
  7 hobgoblins
  3 jackals (D:3)
  3 quokkas
  4 frilled lizards
  3 goblins
  4 kobolds
  3 rats
53 creatures vanquished.

Notes
Turn   | Place    | Note
-------+----------+-------------------------------------------
     0 | D:1      | avis the Hill Orc Monk began the quest for the Orb.
     0 | D:1      | Reached XP level 1. HP: 19/19 MP: 1/1
    89 | D:1      | Found a faded altar of an unknown god.
   122 | D:1      | Reached XP level 2. HP: 20/26 MP: 2/2
   250 | D:1      | Reached skill level 5 in Axes
   379 | D:1      | You fall into a shaft and drop 1 floor!
   551 | D:2      | Reached XP level 3. HP: 25/31 MP: 3/3
  1574 | D:3      | Reached skill level 6 in Axes
  1714 | D:3      | Noticed Jessica
  1720 | D:3      | Killed Jessica
  1721 | D:3      | Reached XP level 4. HP: 36/39 MP: 4/4
  1824 | D:3      | Reached skill level 7 in Axes
  2115 | D:3      | Found a glowing drain.
  2164 | Sewer    | Entered a sewer
  2182 | Sewer    | Slain by a river rat

Illustrated notes

Levels and vault maps discovered:
D:1:      beargit_arrival_greenhouse, layout_rooms,
          hellmonk_ecumenical_altar_pennies_from_heaven, chequers_big_river
D:2:      layout_loops_cross
D:3:      layout_loops_ring, cheibrodos_sewer_entry_bend,
          minmay_fractal_squares_diagonal_5, uniq_jessica
Sewer:    sewer_kobolds

Skill      XL: |  1  2  3  4 |
---------------+-------------+-----
Axes           | 5 6 7 |  7.2
Fighting       | |  3.6
Dodging        | |  2.4

Action                     |  1- 3 |  4- 6 || total
---------------------------+-------+-------++-------
  Melee: Hand axe          |   121 |    58 ||   179
   Fire: Sling             |     2 |       ||     2
    Use: Potion            |       |     1 ||     1
 Armour: Robe              |    20 |       ||    20
         Chain mail        |     2 |    26 ||    28
  Dodge: Dodged            |    75 |    21 ||    96

Table legend: (Time is in decaauts)
 A = Elapsed time spent in this place.
 B = Non-inter-level travel time spent in this place.
 C = Inter-level travel time spent in this place.
 D = Time resting spent in this place.
 E = Time spent auto-exploring this place.
 F = Levels seen in this place.
 G = Mean time per level.
                   A        B        C        D        E       F      G
               +--------+--------+--------+--------+--------+-----+--------+
         Total |   2195 |   2065 |    130 |    174 |   1318 |   4 |  548.8 |
       Dungeon |   2179 |   2049 |    130 |    174 |   1318 |   3 |  726.3 |
         Sewer |     16 |     16 |      0 |      0 |      0 |   1 |   16.0 |
               +--------+--------+--------+--------+--------+-----+--------+

Top non-repeatable levels by time:
     D:1: 824 daAuts
     D:2: 784 daAuts
     D:3: 569 daAuts
   Sewer: 16 daAuts
